 Dungeon Crawl Stone Soup version 0.22.1-2-g9c5b331383 (webtiles) character file.

711 Peloso the Slasher (level 7, -1/61 HPs)
             Began as a Minotaur Fighter on Dec 7, 2018.
             Slain by an orc warrior
             ... wielding a +0 long sword
              (5 damage)
             ... on level 4 of the Dungeon.
             The game lasted 00:06:28 (3626 turns).

Peloso the Slasher (Minotaur Fighter)               Turns: 3626, Time: 00:06:28

Health: -1/61      AC: 10    Str: 21    XL:     7   Next: 40%
Magic:  6/6        EV:  7    Int:  5    God:
Gold:   233        SH: 10    Dex: 11    Spells: 6/6 levels left

rFire    . . .     SeeInvis .   a - +0 long sword
rCold    . . .     Gourm    .   c - +0 shield
rNeg     . . .     Faith    +   n - +0 chain mail
rPois    .         Spirit   .   (helmet restricted)
rElec    .         Reflect  .   (no cloak)
rCorr    .         Harm     .   (no gloves)
MR       .....                  (no boots)
Stlth    ..........             l - amulet of faith
HPRegen  0.20/turn              (no ring)
MPRegen  0.10/turn              (no ring)

@: no status effects
A: retaliatory headbutt, horns 2
a: no special abilities


You were on level 4 of the Dungeon.
You were hungry.

You visited 2 branches of the dungeon, and saw 6 of its levels.

You collected 233 gold pieces.

Inventory:

Hand Weapons
 a - a +0 long sword (weapon)
Armour
 b - a +0 scale mail
 c - a +0 shield (worn)
 n - a +0 chain mail (worn)
Jewellery
 l - an amulet of faith (around neck)
Scrolls
 g - 5 scrolls of identify {unknown}
 h - 2 scrolls of enchant weapon {unknown}
 i - 3 scrolls of amnesia {unknown}
 o - a scroll of immolation {unknown}
 p - a scroll of fog {unknown}
Potions
 d - a potion of mutation {unknown}
 e - a potion of magic {unknown}
 j - 3 potions of curing {unknown}
 k - 3 potions of resistance {unknown}
 m - a potion of heal wounds {unknown}
Comestibles
 f - 8 rations


   Skills:
 + Level 5.1 Fighting
 + Level 6.1 Long Blades
 + Level 5.9 Armour
 + Level 2.3 Dodging
 + Level 0.2 Stealth
 + Level 5.7 Shields


You had 6 spell levels left.
You didn't know any spells.
Your spell library was empty.

Dungeon Overview and Level Annotations

Branches:
Dungeon (5/15)             Temple (1/1) D:4

Altars:
Dithmenos
Elyvilon
Fedhas
Gozag
Kikubaaqudgha
Makhleb
Nemelex Xobeh
Ru
Sif Muna
Trog
Uskayaw
Vehumet
Yredelemnul
Zin
Lugonu


Innate Abilities, Weirdness & Mutations

You reflexively headbutt those who attack you in melee.
You have a pair of horns on your head.


Message History

The orc warrior is moderately wounded.
You block the orc warrior's attack. The gnoll sergeant barely misses you.
You hit the orc warrior but do no damage.
The orc warrior is moderately wounded.
The orc warrior hits you with a long sword.
You block the gnoll sergeant's attack.
Your chain mail prevents you from hitting the orc warrior.
You headbutt the orc warrior!
The orc warrior is severely wounded.
The orc warrior hits you with a long sword!!
The gnoll sergeant hits you but does no damage.
Your shield and chain mail prevent you from hitting the orc warrior.
The orc warrior is severely wounded.
The orc warrior hits you with a long sword!
* * * LOW HITPOINT WARNING * * *
The gnoll sergeant barely misses you.
Your shield and chain mail prevent you from hitting the orc warrior.
The orc warrior is severely wounded.
The orc warrior hits you with a long sword.
You die...

###....[......#
......###.#####
###.### #.# #.# #.#
#.#####.####
###..........##
#..........>..##
...#.###.......####
######
#...).......<.go@.#
#.....
..#....#.......##.#
#.####
###........#..###.#
####.#
###...(.......###.##
#....#
#..........##......#
#....#
..............###..#
#.##.####
#...............#..#
#.##.....
............รท.#(#..#
#.#######
####.......####.#..#
#.#######


You could see an orc warrior and a gnoll sergeant.

Vanquished Creatures
  Sigmund (D:3)
  A centaur (D:5)
  2 scorpions
  A wight (D:3)
  A howler monkey (D:4)
  A hound (D:2)
  An iguana (D:4)
  5 worker ants
  6 adders
  An ooze (D:1)
  2 dart slugs
  2 leopard geckos
  3 orcs
  3 giant cockroaches
  9 goblins
  5 hobgoblins
  6 jackals
  2 quokkas
  A ball python (D:3)
  A ball python zombie (D:5)
  4 bats
  8 frilled lizards
  8 kobolds
  8 rats
82 creatures vanquished.

Notes
Turn   | Place    | Note
-------+----------+-------------------------------------------
     0 | D:1      | Peloso the Minotaur Fighter began the quest for the Orb.
     0 | D:1      | Reached XP level 1. HP: 19/19 MP: 0/0
   131 | D:1      | Reached XP level 2. HP: 27/27 MP: 1/1
   677 | D:2      | Reached XP level 3. HP: 30/33 MP: 2/2
   696 | D:2      | Reached skill level 3 in Long Blades
   768 | D:2      | Found an opulent altar of Gozag.
   829 | D:2      | Found a radiant altar of Vehumet.
   853 | D:2      | Reached XP level 4. HP: 26/40 MP: 3/3
   883 | D:2      | Found a burning altar of Makhleb.
   939 | D:2      | You fall through a shaft!
   947 | D:3      | Noticed Sigmund
   960 | D:3      | Killed Sigmund
   960 | D:3      | Reached skill level 4 in Long Blades
   960 | D:3      | Reached XP level 5. HP: 7/47 MP: 4/4
  1181 | D:3      | Reached skill level 5 in Shields
  1312 | D:2      | Found a white marble altar of Elyvilon.
  1525 | D:3      | Reached XP level 6. HP: 49/53 MP: 5/5
  2185 | D:4      | Found a staircase to the Ecumenical Temple.
  2191 | Temple   | Entered the Ecumenical Temple
  2639 | D:4      | Reached skill level 5 in Armour
  2876 | D:4      | Reached skill level 5 in Fighting
  2919 | D:4      | Reached skill level 5 in Long Blades
  2974 | D:4      | Reached XP level 7. HP: 25/61 MP: 6/6
  3158 | D:4      | Found an ancient bone altar of Kikubaaqudgha.
  3263 | D:5      | Entered Level 5 of the Dungeon
  3297 | D:5      | Reached skill level 6 in Long Blades
  3626 | D:4      | Slain by an orc warrior

Skill      XL: |  1  2  3  4  5  6  7 |
---------------+----------------------+-----
Shields        | 4 5 |  5.7
Armour         | 4 5 |  5.9
Fighting       | 4 5 |  5.1
Long Blades    | 3 4 5 6 |  6.1
Dodging        | 2 |  2.3
Stealth        | |  0.2

Action                   |  1- 3 |  4- 6 |  7- 9 || total
-------------------------+-------+-------+-------++-------
Melee: Long sword        |    87 |   131 |    39 ||   257
       Headbutt          |    13 |    22 |     7 ||    42
  Use: Potion            |       |     1 |       ||     1
  Eat: Chunk             |       |     7 |     1 ||     8
Armor: Scale mail        |    53 |    38 |     5 ||    96
       Chain mail        |       |       |    14 ||    14
Dodge: Dodged            |    32 |    43 |    10 ||    85
Block: Shield            |    64 |    78 |    26 ||   168
       Rpst.: Long sword |     9 |    10 |     2 ||    21
